Map: [ESL] Royal Blood

Players

ForJumy

  • Race: Protoss Protoss
  • Spawn Location: 1:00

PtitDrogo - Winner!

  • Race: Protoss Protoss
  • Spawn Location: 7:00

Event: ESL SC2 Masters 2023 Summer (Regionals)

VOD

Have the link to the VOD?

Description

Time

  • Played on: May 5, 2023, 11:41 a.m.
  • Length: 8:56

All games in this series

Show
View Real Time Build Order
Export as new Build Order

ForJumy Protoss 

Build Orders: Zealot Archon 

Get SALT Encoding   

  12  0:00  Probe  
  13  0:12  Probe  
  14  0:17  Pylon  
  14  0:24  Probe  
  15  0:34  Gateway  
  15  0:36  Probe (Chrono Boost)  
  16  0:46  Probe (Chrono Boost), Assimilator  
  17  0:51  Probe (Chrono Boost)  
  17  0:54  Assimilator  
  18  1:02  Probe (Chrono Boost)  
  19  1:08  Gateway  
  19  1:13  Probe (Chrono Boost)  
  19  1:18  Probe (Chrono Boost)  
  20  1:23  Cybernetics Core  
  21  1:29  Probe  
  22  1:35  Pylon  
  22  1:41  Probe  
  23  1:53  Probe  
  24  1:57  Warp Gate (Chrono Boost)  
  24  1:59  Adept  
  24  2:00  Adept  
  28  2:05  Probe  
  29  2:09  Pylon  
  29  2:14  Shield Battery  
  29  2:18  Probe  
  30  2:32  Stalker x2  
  30  2:34  Probe  
  35  2:46  Probe  
  35  2:59  Nexus  
  35  3:04  Probe  
  36  3:09  Sentry  
  38  3:13  Sentry  
  38  3:16  Pylon  
  36  3:21  Shield Battery  
  36  3:25  Probe  
  37  3:31  Robotics Facility  
  37  3:45  Stalker  
  39  3:55  Probe  
  40  4:02  Forge  
  40  4:04  Sentry  
  40  4:07  Probe (Chrono Boost)  
  43  4:11  Probe (Chrono Boost)  
  45  4:18  Probe (Chrono Boost)  
  45  4:19  Observer  
  45  4:20  Probe (Chrono Boost)  
  45  4:23  Probe (Chrono Boost)  
  47  4:25  Probe (Chrono Boost)  
  49  4:37  Probe x2 (Chrono Boost)  
  51  4:38  Assimilator  
  51  4:40  Immortal, Assimilator  
  51  4:41  Protoss Ground Weapons Level 1  
  55  4:47  Probe (Chrono Boost)  
  55  4:49  Probe (Chrono Boost), Pylon  
  55  4:52  Probe (Chrono Boost)  
  57  4:57  Adept x2  
  62  5:05  Twilight Council  
  62  5:07  Probe x2  
  62  5:11  Pylon  
  64  5:21  Immortal  
  64  5:23  Probe  
  64  5:24  Probe  
  64  5:38  Probe  
  64  5:40  Gateway x2  
  64  5:41  Charge (Chrono Boost)  
  65  5:52  Gateway, Observer  
  65  5:53  Gateway  
  65  5:59  Immortal (Chrono Boost)  
  67  6:07  Templar Archives  
  67  6:09  Pylon  
  67  6:12  Probe x2  
  67  6:26  Zealot  
  67  6:27  Warp Prism (Chrono Boost)  
  69  6:33  Pylon  
  69  6:37  Zealot  
  71  6:45  Pylon  
  71  6:47  High Templar x2  
  73  6:52  Archon  
  73  6:53  High Templar x2  
  79  6:54  Zealot  
  79  6:57  Pylon  
  79  6:59  Archon  
  79  7:00  Pylon  
  81  7:16  Pylon, Zealot x2  
  85  7:26  Nexus  
  85  7:28  High Templar x2  
  85  7:29  Zealot x2  
  93  7:33  Probe, Archon  
  93  7:35  Pylon  
  91  7:40  Probe  
  87  7:44  Zealot x2  
  87  7:46  Probe  
  82  8:00  Zealot x2  
  63  8:15  High Templar x2  
  65  8:20  Archon  
  65  8:22  Zealot x2  
  61  8:37  Zealot  
  61  8:38  Zealot  
Show
View Real Time Build Order
Export as new Build Order

PtitDrogo Protoss - Winner!

Build Orders: Phoenix Opening, Blink Stalkers, Zealot Archon 

Get SALT Encoding   

  12  0:00  Probe  
  13  0:12  Probe  
  14  0:17  Pylon  
  14  0:24  Probe (Chrono Boost)  
  15  0:36  Probe (Chrono Boost)  
  15  0:37  Gateway  
  16  0:45  Probe (Chrono Boost)  
  16  0:46  Assimilator  
  17  0:51  Probe  
  18  1:03  Probe (Chrono Boost), Assimilator  
  19  1:08  Gateway  
  19  1:13  Probe (Chrono Boost)  
  19  1:17  Probe (Chrono Boost)  
  20  1:25  Cybernetics Core  
  21  1:29  Probe  
  22  1:36  Pylon  
  22  1:41  Probe  
  23  1:54  Probe  
  23  1:59  Warp Gate (Chrono Boost)  
  23  2:01  Stalker, Sentry  
  24  2:08  Pylon  
  28  2:25  Stalker  
  30  2:33  Stalker  
  31  2:53  Nexus  
  31  2:54  Probe  
  32  3:04  Shield Battery  
  32  3:07  Probe  
  32  3:09  Sentry x2  
  37  3:21  Probe  
  37  3:27  Pylon, Twilight Council  
  38  3:33  Probe  
  39  3:41  Phoenix  
  39  3:52  Probe (Chrono Boost), Stalker x2  
  44  3:57  Blink (Chrono Boost)  
  45  4:03  Probe (Chrono Boost)  
  45  4:07  Probe x2 (Chrono Boost)  
  47  4:17  Probe  
  47  4:18  Probe  
  47  4:22  Stalker  
  47  4:23  Stalker  
  53  4:29  Probe  
  53  4:31  Probe  
  55  4:41  Probe  
  55  4:43  Probe  
  57  4:48  Nexus  
  57  4:52  Pylon  
  57  4:53  Probe  
  57  4:55  Probe  
  57  4:58  Forge  
  59  5:05  Probe  
  60  5:07  Probe  
  60  5:09  Pylon  
  61  5:17  Probe  
  61  5:19  Probe, Stalker x2  
  67  5:24  Assimilator  
  67  5:27  Protoss Ground Weapons Level 1 (Chrono Boost)  
  67  5:29  Probe  
  67  5:31  Probe  
  63  5:37  Charge (Chrono Boost)  
  63  5:42  Probe (Chrono Boost)  
  64  5:47  Probe (Chrono Boost), Phoenix  
  64  5:48  Stalker x2  
  69  5:53  Probe (Chrono Boost), Gateway  
  71  5:58  Probe x2 (Chrono Boost)  
  71  6:01  Probe (Chrono Boost), Gateway  
  73  6:07  Probe  
  73  6:08  Probe  
  75  6:12  Robotics Facility  
  75  6:13  Probe  
  76  6:19  Probe  
  76  6:20  Probe  
  76  6:25  Probe  
  79  6:31  Zealot x2  
  79  6:32  Probe x2  
  83  6:33  Templar Archives  
  83  6:34  Gateway  
  83  6:39  Gateway  
  83  6:42  Gateway  
  83  6:46  Pylon  
  83  6:48  Shield Battery  
  83  6:52  Gateway x2  
  83  7:02  Zealot x3  
  83  7:03  Zealot  
  83  7:06  Immortal  
  91  7:11  Assimilator  
  91  7:14  Pylon  
  91  7:18  Pylon  
  91  7:23  Gateway  
  91  7:26  Pylon  
  91  7:28  Shield Battery  
  91  7:29  High Templar x2, Zealot x3  
  101  7:35  Zealot, Archon  
  101  7:36  Zealot  
  105  7:49  Zealot x4  
  111  7:59  Zealot x3  
  111  8:05  Stalker x2  
  104  8:11  Zealot x2  
  104  8:12  Probe  
  109  8:24  Pylon  
  109  8:26  Pylon  
  109  8:36  Pylon  
  109  8:37  Nexus  
  109  8:38  Pylon  
  109  8:39  Pylon, Assimilator  
  109  8:42  Probe x3  
  109  8:43  Stalker x5  
Tags
 
Add a new tag
Caveats
  • Supply blocks, unpowered buildings, or Contaminate may cause inaccurate times.
  • Supply counts are checked every 10 seconds.